 Dungeon Crawl Stone Soup version 0.28.0 (webtiles) character file.

Game seed: 3180668595322253532

2922 theElss the Fighter (level 9, -1/59 HPs)
             Began as a Gargoyle Berserker on Feb 17, 2022.
             Was a Priest of Trog.
             Slain by a troll (11 damage)
             ... on level 7 of the Dungeon.
             The game lasted 00:17:07 (6558 turns).

theElss the Fighter (Gargoyle Berserker)            Turns: 6558, Time: 00:17:09

Health: -1/59      AC: 15    Str: 22    XL:     9   Next: 79%
Magic:  9/9        EV: 16    Int:  9    God:    Trog [***...]
Gold:   260        SH:  0    Dex: 11    Spells: 8/8 levels left

rFire   . . .      SeeInvis .   o - +0 flail (holy)
rCold   . . .      Faith    .   (no shield)
rNeg    + . .      Spirit   .   c - +1 scale mail
rPois   ∞          Reflect  .   (no helmet)
rElec   +          Harm     .   (no cloak)
rCorr   .          Rampage  .   (no gloves)
Will    .....                   (no boots)
Stlth   ..........              (no amulet)
HPRegen 0.19/turn               q - +4 ring of evasion
MPRegen 0.11/turn               (no ring)

@: on berserk cooldown, slowed, very slow
A: sickness immunity, AC +6, negative energy resistance 1, electricity
resistance, torment resistance 1, petrification resistance
a: Renounce Religion, Berserk, Trog's Hand


You were on level 7 of the Dungeon.
You worshipped Trog.
Trog was most pleased with you.
You visited 1 branch of the dungeon, and saw 7 of its levels.
You also visited: Ossuary.

You collected 260 gold pieces.

Inventory:

Hand Weapons
 a - a +0 mace
 b - a +0 morningstar
 o - a +0 flail of holy wrath (weapon)
Missiles
 r - a throwing net (quivered)
Armour
 c - a +1 scale mail (worn)
Jewellery
 k - a ring of ice
 q - a +4 ring of evasion (left hand)
Wands
 j - a wand of mindburst (13)
Scrolls
 d - 2 scrolls of amnesia
 f - 3 scrolls of enchant armour
 g - a scroll of holy word {unknown}
 h - 3 scrolls of vulnerability
 i - 7 scrolls of blinking
 l - a scroll of fog {unknown}
 m - 2 scrolls of teleportation {unknown}
 p - a scroll of silence {unknown}
 v - a scroll of identify
 w - 3 scrolls of immolation {unknown}
Potions
 e - 3 potions of curing
 n - a potion of might
 s - 4 potions of mutation
 t - 2 potions of degeneration
 u - a potion of heal wounds


   Skills:
 + Level 8.0 Fighting
 + Level 7.2 Maces & Flails
 + Level 7.6 Armour
 + Level 5.7 Dodging


You had 8 spell levels left.
You didn't know any spells.
Your spell library was empty.

Dungeon Overview and Level Annotations

Branches:
Dungeon (7/15)             Temple (0/1) D:6         Ossuary (visited)

Altars:
Ashenzari
Dithmenos
Sif Muna
Vehumet

Shops:
D:4 :   D:6 (   D:7 !

Annotations:
D:5 1 runed translucent door, Hasart's ghost, novice OpTm
D:6 2 runed translucent doors


Innate Abilities, Weirdness & Mutations

You are immune to sickness and miasma.
Your stone body is resilient. (AC +6)
You are immune to poison.
You resist negative energy. (rN+)
You are resistant to electric shocks. (rElec)
You are resistant to unholy torment.
You are immune to petrification.


Message History

Your Fighting skill increases to level 8!
You sock the troll!
The troll is moderately wounded.
The troll bites you. The troll misses you. The troll closely misses you.
You closely miss the troll.
The troll is moderately wounded.
You closely miss the troll.
The troll is moderately wounded.
The troll barely misses you. The troll claws you but does no damage.
The troll completely misses you.
You sock the troll!
The troll is severely wounded.
You are no longer berserk.
You are exhausted.
You feel yourself slow down. The troll bites you but does no damage.
The troll barely misses you. The troll misses you.
You barely miss the troll.
The troll is severely wounded.
The troll barely misses you. The troll misses you. The troll claws you.
You thump the troll!
The troll is almost dead.
The troll barely misses you. The troll claws you. x2
The troll bites you but does no damage. The troll misses you.
The troll closely misses you.
You barely miss the troll.
The troll is almost dead.
The troll bites you but does no damage. The troll claws you but does no damage.
The troll claws you. The troll closely misses you. The troll barely misses you.
The troll claws you!
* * * LOW HITPOINT WARNING * * *
You fail to use your ability.
The troll misses you. The troll barely misses you.
The troll completely misses you.
Unknown command.
Your ogre goes berserk!
You can no longer call in reinforcements.
The troll bites you but does no damage. The troll misses you.
The troll claws you!
* * * LOW HITPOINT WARNING * * *
The troll bites you!
You die...

#....##
#.....#####
#.........#
#.........#
#########.#
#.# #O# #T#
#@# #.# #.#
#.### #.[.#
###.# #.#
#.# #.#


You could see a troll (ally target) and a friendly ogre (summoned, berserk).

Vanquished Creatures
  Grinder (D:6)
  Edmund (D:4)
  Menkaure (D:5)
  An ice beast (D:6)
  2 sky beasts (D:6)
  An orc warrior (D:4)
  2 necrophages (D:6)
  2 ogres (D:6)
  A centaur (D:5)
  A bullfrog (D:7)
  3 elf zombies
  Blork the orc (D:4)
  A kobold brigand (D:6)
  A scorpion (D:5)
  An elf skeleton (D:5)
  A water moccasin skeleton (D:5)
  A bullfrog zombie (D:5)
  A howler monkey (D:6)
  6 human zombies
  3 hounds
  A gnoll shaman (D:5)
  2 orc priests
  A jelly (D:4)
  An iguana (D:5)
  2 human skeletons (D:5)
  Natasha (twice) (D:2)
  7 orc wizards
  4 mummies (Ossuary)
  Robin (D:2)
  3 gnolls (D:5)
  13 adders
  A shadow imp (D:5)
  A white imp (D:5)
  An ufetubus (D:5)
  A worm (D:3)
  2 dart slugs
  18 orcs
  3 ball pythons
  7 bats
  7 endoplasms
  4 giant cockroaches
  15 goblins
  13 hobgoblins
  14 jackals
  12 kobolds
  3 quokkas
  3 frilled lizards (D:1)
  2 gnoll zombies (Ossuary)
  A hobgoblin zombie (Ossuary)
  A jackal zombie (Ossuary)
  A kobold zombie (Ossuary)
  2 orc skeletons (D:5)
  3 orc zombies
  3 rats
  A rat zombie (Ossuary)
188 creatures vanquished.

Notes
Turn   | Place    | Note
-------+----------+-------------------------------------------
     0 | D:1      | theElss the Gargoyle Berserker began the quest for the Orb.
     0 | D:1      | Reached XP level 1. HP: 14/14 MP: 1/1
   135 | D:1      | Found a faded altar of an unknown god.
   341 | D:1      | Reached XP level 2. HP: 14/19 MP: 2/2
   687 | D:1      | Reached XP level 3. HP: 23/23 MP: 3/3
   913 | D:1      | Reached ** piety under Trog
  1321 | D:2      | Found a shadowy altar of Dithmenos.
  1356 | D:2      | Noticed Robin
  1366 | D:2      | Reached XP level 4. HP: 20/29 MP: 4/4
  1379 | D:2      | Killed Robin
  1646 | D:2      | Noticed Natasha
  1652 | D:2      | Killed Natasha
  1653 | D:2      | Reached skill level 4 in Fighting
  1733 | D:2      | Noticed Natasha
  1738 | D:2      | Killed Natasha
  1739 | D:2      | Reached XP level 5. HP: 31/33 MP: 5/5
  2724 | D:3      | Reached *** piety under Trog
  2939 | D:3      | Reached XP level 6. HP: 39/39 MP: 6/6
  2970 | D:3      | Found a radiant altar of Vehumet.
  3304 | D:4      | Found Otumur's Book Shoppe.
  3306 | D:4      | Noticed Edmund
  3316 | D:4      | Killed Edmund
  3333 | D:4      | Noticed Blork the orc
  3369 | D:4      | Killed Blork the orc
  3370 | D:4      | Reached skill level 5 in Fighting
  3370 | D:4      | Reached XP level 7. HP: 44/44 MP: 7/7
  4065 | D:5      | Entered Level 5 of the Dungeon
  4192 | D:5      | Reached skill level 5 in Maces & Flails
  4192 | D:5      | Reached skill level 5 in Armour
  4272 | D:5      | Reached XP level 8. HP: 41/51 MP: 8/8
  4302 | D:5      | Reached skill level 6 in Fighting
  4304 | D:5      | Found a sand-covered staircase.
  4317 | Ossuary  | Entered an ossuary
  4924 | D:5      | Noticed Menkaure
  4931 | D:5      | Killed Menkaure
  4932 | D:5      | Reached XP level 9. HP: 56/56 MP: 9/9
  4940 | D:5      | Found a runed translucent door.
  5024 | D:5      | Noticed Hasart's ghost (novice OpTm)
  5265 | D:6      | Reached skill level 7 in Fighting
  5281 | D:6      | Reached skill level 5 in Dodging
  5583 | D:6      | Reached **** piety under Trog
  5586 | D:6      | Found a shimmering blue altar of Sif Muna.
  5722 | D:6      | Noticed Grinder
  5728 | D:6      | Killed Grinder
  5985 | D:6      | Found a large runed translucent door.
  5985 | D:6      | Found a large runed translucent door.
  5994 | D:6      | Found a staircase to the Ecumenical Temple.
  6028 | D:6      | Found Waneghick's Weapon Emporium.
  6393 | D:7      | Found a broken altar of Ashenzari.
  6520 | D:7      | Found Nuqegig's Distillery.
  6520 | D:7      | Noticed a troll
  6550 | D:7      | Reached skill level 8 in Fighting
  6558 | D:7      | Slain by a troll

Illustrated notes

Levels and vault maps discovered:
D:1:      dpeg_chamrin_arrival_tetris, layout_basic,
          shapermc_ecumenical_altar_gd, nrook_loot_triangle
D:2:      layout_basic, basic_altar, serial_park_tiny_1, minmay_hexomino_p4,
          uniq_natasha, uniq_robin
D:3:      layout_basic, mainiacjoe_overflow_brackets
D:4:      layout_rooms, serial_shops, nicolae_take_the_stairs, uniq_edmund,
          uniq_blork_the_orc
D:5:      layout_rooms, nicolae_ossuary_entry_catacombs, ebering_ghost_sewer_d,
          uniq_menkaure
D:6:      layout_basic, jmf_multi_god_temple2, nicolae_sif_muna_little_library,
          minmay_temple_entry_glassed_door, serial_shops, kennysheep_little_box,
          uniq_grinder
D:7:      layout_basic, mainiacjoe_overflow_24_doors, enter_bailey_2,
          kennysheep_windowed_goal

Skill      XL: |  1  2  3  4  5  6  7  8  9 |
---------------+----------------------------+-----
Dodging        | 2 3 4 5 |  5.7
Armour         | 3 4 5 6 7 |  7.6
Fighting       | 4 5 6 8 |  8.0
Maces & Flails | 4 5 6 7 |  7.2

Action                   |  1- 3 |  4- 6 |  7- 9 || total
-------------------------+-------+-------+-------++-------
Melee: Mace              |   130 |   168 |       ||   298
       Punch             |       |     1 |     3 ||     4
       Flail             |       |     7 |   434 ||   441
Invok: Trog's Hand       |     1 |       |     3 ||     4
       Berserk           |       |     4 |     9 ||    13
       Brothers in Arms  |       |       |     1 ||     1
  Use: Scroll            |       |       |     9 ||     9
Armor: Scale mail        |    74 |    96 |   221 ||   391
Dodge: Dodged            |    76 |    93 |   410 ||   579
